 Dungeon Crawl Stone Soup version 0.29-a0-555-g3b24f45cc1 (webtiles) character file.

Game seed: 12266422176770780025

211013 runemasterragnar the Thaumaturge (level 18, -15/196 HPs)
             Began as a Purple Draconian Conjurer on June 5, 2022.
             Was the Champion of Vehumet.
             Demolished by an entropy weaver simulacrum (29 damage)
             ... in an ice cave on June 8, 2022.
             The game lasted 03:09:53 (54474 turns).

runemasterragnar the Thaumaturge (DrCj)            Turns: 54474, Time: 03:09:54

Health: -15/196    AC: 27    Str: 10      XL:     18   Next: 20%
Magic:  7/36       EV: 14    Int: 23 (25) God:    Vehumet [******]
Gold:   3791       SH: 20    Dex: 11      Spells: 1/46 levels left

rFire   . . .      SeeInvis +   P - staff of conjuration
rCold   . . .      Faith    .   p - +2 kite shield {reflect}
rNeg    + . .      Spirit   .   (body armour unavailable)
rPois   ∞          Reflect  +   A - +2 hat
rElec   +          Harm     .   m - scarf {repulsion}
rCorr   .          Rampage  .   (gloves currently unavailable)
Will    ++...                   (boots currently unavailable)
Stlth   +++++.....              F - amulet of reflection
HPRegen 0.42/turn               a - ring of see invisible
MPRegen 0.25/turn               w - ring of poison resistance

@: statue-form, slowed, repel missiles, very slow
A: slow and powerful, torment resistance 1, boosted hp, (breathe power), AC +10,
unfitting armour, cold-blooded, large bone plates 1, subdued magic 1
}: 1/15 runes: serpentine
a: End Transformation, Renounce Religion


You were in an ice cave.
You worshipped Vehumet.
Vehumet was exalted by your worship.
You were a living statue of rough stone.
You visited 5 branches of the dungeon, and saw 30 of its levels.
You also visited: Ossuary and Ice Cave.

You collected 3977 gold pieces.
You spent 186 gold pieces at shops.

Inventory:

Missiles
 X - 4 throwing nets
Armour
 i - the +3 buckler of Omission {Int+2}
   (You found it on level 12 of the Dungeon)

   Int:       It affects your intelligence (+2).
 m - a scarf of repulsion (worn)
 p - a +2 kite shield of reflection (worn)
 A - a +2 hat (worn)
 B - the +0 pair of boots "Laf Uchutos" (melded) {rN+}
   (You found it on level 6 of the Dungeon)

   rN:        It protects you from negative energy.
Magical Staves
 s - a staff of fire
 P - a staff of conjuration (weapon)
Jewellery
 a - a ring of see invisible (left fist)
 w - a ring of poison resistance (right fist)
 F - an amulet of reflection (around neck)
Wands
 h - a wand of mindburst (2)
 l - a wand of acid (4)
 z - a wand of polymorph (6)
 E - a wand of iceblast (3)
 H - a wand of flame (39)
Scrolls
 b - 4 scrolls of amnesia
 k - a scroll of enchant armour
 o - 5 scrolls of immolation
 r - 2 scrolls of fear
 t - a scroll of poison
 v - 9 scrolls of teleportation
 y - 2 scrolls of summoning
 J - 2 scrolls of magic mapping
 N - 2 scrolls of blinking
 O - 2 scrolls of fog
 Q - 2 scrolls of enchant weapon
 R - a scroll of silence
 W - 8 scrolls of identify
Potions
 c - 3 potions of haste
 d - 8 potions of attraction
 e - 8 potions of brilliance
 f - a potion of heal wounds
 g - 3 potions of resistance
 n - 3 potions of magic
 q - 9 potions of curing
 u - 3 potions of mutation
 x - 3 potions of might
 G - a potion of invisibility
 I - 2 potions of berserk rage
 K - 5 potions of flight
 L - 2 potions of lignification
 Z - a potion of cancellation
Miscellaneous
 j - a lightning rod (inert)
 S - a tin of tremorstones (inert)


   Skills:
 - Level 11.2 Fighting
 - Level 9.6 Dodging
 + Level 13.1 Stealth
 + Level 5.2 Shields
 + Level 14.5 Spellcasting
 - Level 10.4 Conjurations
 - Level 9.3 Hexes
 + Level 2.3 Necromancy
 + Level 11.7 Transmutations
 - Level 10.5 Fire Magic
 - Level 7.0 Earth Magic
 + Level 13.3 Evocations


You had one spell level left.
You knew the following spells:

 Your Spells              Type           Power      Damage    Failure   Level
a - Magic Dart            Conj           100%       1d8       1%          1
b - Searing Ray           Conj           100%       2d8       1%          2
c - Fulminant Prism       Conj/Hex       32%        3d16      1%          4
d - Dazzling Flash        Conj/Hex       100%       N/A       1%          3
e - Sticky Flame          Conj/Fire      66%        2d8       1%          4
f - Statue Form           Tmut/Erth      30%        N/A       28%         6
g - Flame Wave            Conj/Fire      66%        2d12      1%          4
h - Starburst             Conj/Fire      33%        6d10      4%          6
i - Yara's Violent Unrav  Hex/Tmut       25%        3d11      1%          5
j - Iskenderun's Battles  Conj           66%        2d12      1%          5
k - Borgnjor's Vile Clut  Necr/Erth      14%        N/A       32%         5

Your spell library contained the following spells:

 Spells                   Type           Power      Damage    Failure   Level
 Spellforged Servitor     Conj/Summ      23%        N/A       89%         7
 Foxfire                  Conj/Fire      100%       2x1d9     1%          1
 Shock                    Conj/Air       100%       1d9       1%          1
 Sting                    Tmut/Pois      100%       1d8       1%          1
 Necrotize                Necr           84%        1d8       2%          1
 Wereblood                Tmut           53%        N/A       1%          2
 Conjure Flame            Conj/Fire      66%        6-21      1%          3
 Inner Flame              Hex/Fire       48%        N/A       1%          3
 Petrify                  Tmut/Erth      46%        N/A       1%          4
 Fireball                 Conj/Fire      33%        3d14      1%          5
 Irradiate                Conj/Tmut      33%        3d24      1%          5
 Hailstorm                Conj/Ice       47%        3d11      2%          4
 Iskenderun's Mystic Bla  Conj/Tloc      47%        2d10      2%          4
 Leda's Liquefaction      Hex/Erth       20%        N/A       2%          4
 Poisonous Vapours        Pois/Air       24%        N/A       3%          2
 Lee's Rapid Deconstruct  Erth           18%        3d12*     3%          5
 Sublimation of Blood     Necr           21%        N/A       4%          2
 Ice Form                 Ice/Tmut       33%        N/A       7%          4
 Freezing Cloud           Conj/Ice/Air   18%        6-21      16%         5
 Airstrike                Air            6%         N/A       22%         4
 Olgreb's Toxic Radiance  Pois           12%        N/A       22%         4
 Gell's Gravitas          Tloc           12%        N/A       26%         3
 Ozocubu's Armour         Ice            12%        N/A       26%         3
 Swiftness                Air            12%        N/A       26%         3
 Teleport Other           Tloc           12%        N/A       26%         3
 Eringya's Noxious Bog    Tmut/Pois      16%        N/A       30%         6
 Animate Dead             Necr           21%        N/A       32%         4
 Summon Mana Viper        Hex/Summ       29%        N/A       34%         5
 Summon Ice Beast         Ice/Summ       12%        N/A       65%         4
 Ignition                 Fire           25%        3d8       86%         8
 Summon Forest            Summ/Tloc      6%         N/A       94%         5
 Death Channel            Necr           10%        N/A       99%         6
 Dispersal                Tloc           6%         N/A       100%        6
 Simulacrum               Ice/Necr       8%         N/A       100%        6
 Haunt                    Necr/Summ      8%         N/A       100%        7
 Malign Gateway           Summ/Tloc      6%         N/A       100%        7
 Monstrous Menagerie      Summ           6%         N/A       100%        7
 Ozocubu's Refrigeration  Ice            6%         4d6       100%        7
 Summon Hydra             Summ           6%         N/A       100%        7
 Infestation              Necr           10%        N/A       100%        8
 Summon Horrible Things   Summ           6%         N/A       100%        8
 Polar Vortex             Ice            6%         N/A       100%        9


Dungeon Overview and Level Annotations

Branches:
Dungeon (15/15)            Temple (0/1) D:7            Lair (6/6) D:11
 Shoals (3/4) Lair:4        Snake (4/4) Lair:4        Slime (0/5) Lair:5
    Orc (2/2) D:10            Elf (0/3) Orc:2        Vaults (0/5) D:14
 Depths (0/4) D:15        Ossuary (visited)           IceCv (1/1)

Altars:
Ashenzari
Cheibriados
Dithmenos
Fedhas
Gozag
Kikubaaqudgha
Makhleb
Nemelex Xobeh
Ru
Sif Muna
Uskayaw
Vehumet
Xom
The Shining One

Shops:
D:3 :   D:8 *   D:12 *   D:15 (   Orc:2 (:[*   Shoals:1 [

Annotations:
D:3 2 runed translucent doors, vulpzor's ghost, amateur DjFE
D:5 Dowan; Duvessa
Lair:3 1 runed translucent door
Lair:4 exclusion: 5 oklob plants
Lair:5 exclusion: 2 oklob plants IceCv exclusion: orange crystal statue


Innate Abilities, Weirdness & Mutations

You are a living statue of rough stone.
Your actions are slow, but your melee attacks are powerful.
You are resistant to unholy torment.
Your maximum health is greatly increased.
You are immune to poison.
Your equipment is partially melded.
((You can breathe bolts of dispelling energy.))
((Your rich purple scales are hard. (AC +10)))
You cannot fit into any form of body armour.
You are cold-blooded and may be slowed by cold attacks.
You are partially covered in large bone plates. (SH +4)
Your spells are a little easier to cast, but a little less powerful.


Message History

You tail-slap the entropy weaver simulacrum, but do no damage.
You block the entropy weaver simulacrum's attack. x3
The entropy weaver simulacrum barely misses you.
The entropy weaver simulacrum misses you. x2
The entropy weaver simulacrum hits you but does no damage.
The entropy weaver simulacrum closely misses you.
You hit the entropy weaver simulacrum.
Your tail-slap misses the entropy weaver simulacrum.
The entropy weaver simulacrum is lightly damaged.
You block the entropy weaver simulacrum's attack.
The entropy weaver simulacrum hits you but does no damage.
The entropy weaver simulacrum hits you.
The entropy weaver simulacrum freezes you!
You feel yourself slow down.
The entropy weaver simulacrum misses you.
The entropy weaver simulacrum hits you but does no damage.
You block the entropy weaver simulacrum's attack. x3
You barely miss the entropy weaver simulacrum.
You tail-slap the entropy weaver simulacrum, but do no damage.
The entropy weaver simulacrum is lightly damaged.
You feel yourself speed up.
You block the entropy weaver simulacrum's attack.
The entropy weaver simulacrum completely misses you.
You block the entropy weaver simulacrum's attack.
The entropy weaver simulacrum hits you but does no damage.
The entropy weaver simulacrum closely misses you.
The entropy weaver simulacrum hits you.
The entropy weaver simulacrum freezes you!
* * * LOW HITPOINT WARNING * * *
You block the entropy weaver simulacrum's attack. x2
The entropy weaver simulacrum hits you but does no damage. x2
The entropy weaver simulacrum hits you.
* * * LOW HITPOINT WARNING * * *
The entropy weaver simulacrum freezes you!!!
You feel yourself slow down.
* * * LOW HITPOINT WARNING * * *
The entropy weaver simulacrum hits you.
* * * LOW HITPOINT WARNING * * *
The entropy weaver simulacrum freezes you!!
You die...

#..∩..# ##...##
##.## ##.##
####...####
####.........###
###.....#####.....
###.....### ####..
####..8.####.. ###
##....Z###..... #
##.....##....# .[$
#.....##.Z..####
#[[
#.....#.........
###
#........###....
##.....### #
####### . ##


You could see an entropy weaver simulacrum.

Vanquished Creatures
  Donald (Shoals:3)
  3 nagarajas
  Aizul (Snake:3)
  An orc warlord (Orc:2)
  2 quicksilver oozes (IceCv)
  A dire elephant (Lair:6)
  An entropy weaver (shapeshifter) (D:12)
  2 merfolk javelineers
  A fire dragon (D:12)
  Erolcha (D:12)
  3 salamander tyrants (Snake:4)
  3 boulder beetles
  Harold (Lair:2)
  An ogre mage (D:15)
  15 hydras
  4 catoblepae (Lair:6)
  14 naga warriors
  2 centaur warriors
  8 anacondas
  2 merfolk aquamancers (Shoals:2)
  3 two-headed ogres
  9 naga sharpshooters
  A tengu warrior (D:13)
  4 shock serpents
  9 death yaks (Lair:6)
  4 orc high priests (Orc:2)
  Sonja (D:12)
  Amaemon (Lair:2)
  Urug (D:14)
  Nergalle (Lair:3)
  9 skeletal warriors
  9 salamander mystics
  11 sea snakes
  5 naga ritualists
  4 lindwurms (Lair:6)
  A deep elf pyromancer (D:12)
  A deep troll (Lair:4)
  6 orc knights
  14 harpies
  3 wizards (D:15)
  10 mana vipers
  A wolf spider zombie (D:15)
  4 orc sorcerers
  A necromancer (D:15)
  10 fauns
  13 ugly things
  15 salamanders
  7 cyclopes
  8 manticores
  10 elephants
  3 merfolk sirens
  19 naga magi
  A torpor snail (Lair:3)
  2 water nymphs (Shoals:2)
  A guardian serpent (Snake:4)
  31 black mambas
  12 cane toads
  A gargoyle (D:12)
  An orange demon (Lair:2)
  An ice statue (Shoals:3)
  4 kobold demonologists
  2 efreet
  2 unseen horrors (D:12)
  3 centaur skeletons (D:15)
  2 rime drakes (Lair:6)
  4 komodo dragons
  A yaktaur (shapeshifter) (D:15)
  An entropy weaver simulacrum (IceCv)
  4 trolls
  A very ugly thing simulacrum (IceCv)
  3 meliai (D:14)
  4 polar bears
  11 merfolk
  10 dream sheep
  A hornet (D:8)
  Grinder (D:3)
  21 slime creatures
  2 wind drakes (Shoals:2)
  25 blink frogs
  4 shadows
  6 wyverns
  A centaur simulacrum (D:15)
  4 snapping turtles
  6 water elementals
  37 yaks
  7 wraiths
  21 humans
  7 basilisks
  2 steam dragons
  11 vampire mosquitoes
  2 wargs (Orc:2)
  4 acid dragons
  59 nagas
  4 demonic crawler simulacra (IceCv)
  15 water moccasins
  Pargi (D:3)
  8 black bears
  39 orc warriors
  A sky beast (D:7)
  3 ice beasts
  8 ogres
  9 centaurs
  A wolf (Lair:6)
  6 kobold brigands
  14 bullfrogs
  A gnoll sergeant (D:13)
  2 scorpions
  16 wights
  A ballistomycete (Lair:4)
  5 killer bees (D:8)
  A vampire bat (D:9)
  3 howler monkeys
  An electric eel (D:6)
  2 jellies
  2 centaur zombies
  3 hounds
  28 orc priests
  2 human zombies (Ossuary)
  2 gnoll shamans
  Jessica (D:3)
  3 iguanas
  40 orc wizards
  4 mummies (Ossuary)
  Robin (D:3)
  18 gnolls
  9 adders
  A shadow imp (D:7)
  3 worms
  2 dart slugs
  79 orcs
  6 endoplasms
  2 giant cockroaches
  15 goblins
  11 hobgoblins
  15 jackals
  23 kobolds
  5 quokkas
  10 ball pythons
  16 bats
  4 frilled lizards
  3 gnoll zombies (Ossuary)
  A goblin zombie (Ossuary)
  A hobgoblin zombie (Ossuary)
  2 rats (D:3)
  3 fulminant prisms
1044 creatures vanquished.

Vanquished Creatures (collateral kills)
  2 nagarajas (Snake:4)
2 creatures vanquished.

Vanquished Creatures (others)
  A nagaraja (Snake:4)
  A salamander tyrant (Snake:4)
  A naga mage (Snake:4)
  A vampire (D:12)
  A kobold (D:11)
  256 fulminant prisms
  138 fungi
  170 plants
569 creatures vanquished.

Grand Total: 1615 creatures vanquished

Notes
Turn   | Place    | Note
-------+----------+-------------------------------------------
     0 | D:1      | runemasterragnar the Draconian Conjurer began the quest for
                  | the Orb.
     0 | D:1      | Reached XP level 1. HP: 14/14 MP: 3/3
   269 | D:1      | Reached XP level 2. HP: 22/22 MP: 5/5
   450 | D:1      | Reached skill level 1 in Fighting
   579 | D:1      | Reached XP level 3. HP: 28/28 MP: 4/6
   582 | D:1      | Learned a level 2 spell: Searing Ray
  1470 | D:2      | Reached XP level 4. HP: 35/35 MP: 5/7
  2152 | D:3      | Reached XP level 5. HP: 41/41 MP: 8/8
  2166 | D:3      | Found Gathruc's Book Emporium.
  2270 | D:3      | Noticed Pargi
  2406 | D:2      | Reached skill level 5 in Conjurations
  2528 | D:2      | Identified the +1 leather armour "Qaeh" {Int+3 Dex+2}
  2913 | D:3      | Killed Pargi
  2914 | D:3      | Reached XP level 6. HP: 36/50 MP: 3/10
  3017 | D:3      | Noticed Jessica
  3020 | D:3      | Killed Jessica
  3240 | D:3      | Found a runed translucent door.
  3247 | D:3      | Noticed vulpzor's ghost (amateur DjFE)
  3386 | D:3      | Reached skill level 3 in Spellcasting
  3472 | D:3      | Found a runed translucent door.
  3487 | D:3      | Noticed Robin
  3498 | D:3      | Killed Robin
  3587 | D:3      | Noticed Grinder
  3597 | D:3      | Paralysed by Grinder for 4 turns
  3607 | D:3      | Killed Grinder
  3608 | D:3      | Your scales start taking on a rich purple colour.
  3608 | D:3      | Reached skill level 4 in Spellcasting
  3608 | D:3      | Reached XP level 7. HP: 39/57 MP: 0/13
  3948 | D:3      | Found a faded altar of an unknown god.
  4491 | D:4      | Learned a level 4 spell: Fulminant Prism
  4519 | D:4      | Found a broken altar of Ashenzari.
  4612 | D:4      | Reached skill level 1 in Evocations
  5028 | D:5      | Entered Level 5 of the Dungeon
  5207 | D:5      | Noticed a yak
  5207 | D:5      | Noticed a yak
  5207 | D:5      | Noticed a yak
  5542 | D:5      | Found a sand-covered staircase.
  5549 | D:5      | Noticed Duvessa
  5551 | Ossuary  | Entered an ossuary
  6191 | D:5      | Noticed Dowan
  6258 | D:6      | Reached XP level 8. HP: 53/66 MP: 5/14
  6263 | D:6      | Learned a level 3 spell: Dazzling Flash
  6357 | D:6      | Reached skill level 1 in Hexes
  6377 | D:6      | Reached skill level 5 in Spellcasting
  6649 | D:6      | Reached skill level 5 in Fighting
  6649 | D:6      | Reached XP level 9. HP: 48/74 MP: 9/17
  6695 | D:6      | Reached skill level 5 in Stealth
  6700 | D:6      | Identified the +0 pair of boots "Laf Uchutos" {rN+}
  6876 | D:6      | Found a radiant altar of Vehumet.
  6886 | D:6      | Found an ancient bone altar of Kikubaaqudgha.
  6887 | D:6      | Found a shimmering blue altar of Sif Muna.
  6892 | D:6      | Became a worshipper of Vehumet
  6902 | D:6      | Got Kikubaaqudgha's Incunabulum of Evil Rites
  7155 | D:6      | Found a glowing golden altar of the Shining One.
  7180 | D:6      | Found an opulent altar of Gozag.
  7281 | D:6      | Reached skill level 6 in Spellcasting
  7428 | D:6      | Found a burning altar of Makhleb.
  7540 | D:6      | Reached skill level 5 in Dodging
  8035 | D:7      | Reached * piety under Vehumet
  8035 | D:7      | Offered knowledge of Foxfire by Vehumet.
  8275 | D:7      | Found a staircase to the Ecumenical Temple.
  8301 | D:7      | Gained mutation: Potions are less effective at restoring
                  | your health. [potion of mutation]
  8301 | D:7      | Gained mutation: You have a beak for a mouth. [potion of
                  | mutation]
  8301 | D:7      | Gained mutation: Your muscles are strong. (Str +2) [potion
                  | of mutation]
  8301 | D:7      | Gained mutation: You are robust. (+10% HP) [potion of
                  | mutation]
  8790 | D:8      | Reached XP level 10. HP: 80/92 MP: 13/20
  8873 | D:8      | Found Simel's Assorted Antiques.
  8880 | D:8      | Bought a scroll of identify for 76 gold pieces
  9272 | D:8      | Noticed a two-headed ogre
  9334 | D:8      | Killed a two-headed ogre
  9335 | D:8      | Reached skill level 7 in Spellcasting
  9429 | D:8      | Lost mutation: Your muscles are strong. (Str +2) [potion of
                  | mutation]
  9429 | D:8      | Lost mutation: You are robust. (+10% HP) [potion of
                  | mutation]
  9429 | D:8      | Gained mutation: You are dopey. (Int -2) [potion of
                  | mutation]
  9429 | D:8      | Gained mutation: Your flesh is cold resistant. (rC+)
                  | [potion of mutation]
  9430 | D:8      | Lost mutation: Potions are less effective at restoring your
                  | health. [potion of mutation]
  9430 | D:8      | Lost mutation: You have a beak for a mouth. [potion of
                  | mutation]
  9430 | D:8      | Lost mutation: Your flesh is cold resistant. (rC+) [potion
                  | of mutation]
  9430 | D:8      | Gained mutation: You have sharp toenails. [potion of
                  | mutation]
  9921 | D:9      | Reached ** piety under Vehumet
  9921 | D:9      | Offered knowledge of Static Discharge by Vehumet.
 10095 | D:9      | Found a blossoming altar of Fedhas.
 10095 | D:9      | Found a snail-covered altar of Cheibriados.
 10102 | D:9      | Found a hide-covered altar of Uskayaw.
 10104 | D:9      | Found a sacrificial altar of Ru.
 10106 | D:9      | Found a sparkling altar of Nemelex Xobeh.
 10569 | D:9      | Reached skill level 5 in Evocations
 10658 | D:9      | Found a shadowy altar of Dithmenos.
 10838 | D:9      | Reached skill level 5 in Hexes
 10876 | D:9      | Offered knowledge of Frozen Ramparts by Vehumet.
 11268 | D:9      | Reached XP level 11. HP: 76/92 MP: 6/22
 11369 | D:10     | Entered Level 10 of the Dungeon
 11549 | D:10     | Found a staircase to the Orcish Mines.
 11799 | D:10     | Reached *** piety under Vehumet
 11804 | D:10     | Reached skill level 8 in Spellcasting
 13135 | D:11     | Found a staircase to the Lair.
 13661 | D:11     | Noticed a red ugly thing
 13776 | Lair:1   | Entered Level 1 of the Lair of Beasts
 14296 | Lair:1   | Offered knowledge of Sticky Flame by Vehumet.
 15062 | Lair:2   | Noticed a six-headed hydra
 15096 | Lair:2   | Noticed Nergalle
 15115 | Lair:3   | Killed Nergalle
 15444 | Lair:3   | Learned a level 4 spell: Sticky Flame
 15566 | Lair:3   | Reached skill level 9 in Spellcasting
 15575 | Lair:3   | Reached XP level 12. HP: 98/103 MP: 15/25
 15575 | Lair:3   | Reached XP level 13. HP: 105/110 MP: 15/26
 15890 | Lair:3   | Found a runed translucent door.
 15928 | Lair:3   | Lost mutation: You are dopey. (Int -2) [potion of mutation]
 15928 | Lair:3   | Lost mutation: You have sharp toenails. [potion of
                  | mutation]
 15928 | Lair:3   | Gained mutation: Your spells are a little easier to cast,
                  | but a little less powerful. [potion of mutation]
 15928 | Lair:3   | Gained mutation: You are partially covered in large bone
                  | plates. (SH +4) [potion of mutation]
 16904 | Lair:3   | Learned a level 3 spell: Conjure Flame
 16909 | Lair:3   | Learned a level 4 spell: Flame Wave
 16916 | Lair:3   | Learned a level 6 spell: Starburst
 17122 | Lair:2   | Noticed Harold
 17148 | Lair:2   | Killed Harold
 17317 | Lair:2   | Reached **** piety under Vehumet
 17829 | Lair:2   | Noticed Amaemon
 17847 | Lair:2   | Killed Amaemon
 18171 | Lair:4   | Found a shimmering altar of Xom.
 18311 | Lair:4   | Found a staircase to the Snake Pit.
 18466 | Lair:4   | Offered knowledge of Yara's Violent Unravelling by Vehumet.
 18844 | Lair:4   | Found a staircase to the Shoals.
 19688 | Lair:4   | Reached skill level 10 in Spellcasting
 20319 | Lair:4   | Learned a level 5 spell: Yara's Violent Unravelling
 20548 | Lair:5   | Reached skill level 1 in Transmutations
 21231 | Lair:5   | Found a staircase to the Slime Pits.
 21816 | Lair:6   | Entered Level 6 of the Lair of Beasts
 22456 | Lair:6   | Reached ***** piety under Vehumet
 22981 | Lair:6   | Reached XP level 14. HP: 68/119 MP: 15/28
 23228 | Lair:6   | Offered knowledge of Olgreb's Toxic Radiance by Vehumet.
 23859 | Lair:6   | Reached skill level 10 in Fighting
 24905 | Lair:6   | Reached skill level 5 in Transmutations
 25393 | Lair:6   | Reached skill level 11 in Spellcasting
 28223 | Orc:1    | Entered Level 1 of the Orcish Mines
 28441 | Orc:2    | Entered Level 2 of the Orcish Mines
 28827 | Orc:2    | Found a staircase to the Elven Halls.
 29090 | Orc:2    | Reached skill level 10 in Stealth
 29314 | Orc:2    | Noticed an orc warlord
 30813 | Orc:2    | Killed an orc warlord
 30814 | Orc:2    | Reached XP level 15. HP: 80/128 MP: 10/30
 32072 | Orc:2    | Found Rest's Antique Armour Boutique.
 32073 | Orc:2    | Found Elutueth's Antique Weapon Shop.
 32075 | Orc:2    | Found Pefruih's General Store.
 32075 | Orc:2    | Found Loqept's Book Boutique.
 32091 | Orc:2    | Bought a scroll of amnesia for 45 gold pieces
 32886 | D:11     | Reached ****** piety under Vehumet
 33211 | D:12     | Identified the +4 plate armour of Luwkuej {Stlth+}
 34228 | D:12     | Noticed Sonja
 34232 | D:12     | Killed Sonja
 34244 | D:12     | Reached skill level 10 in Evocations
 34797 | D:12     | Offered knowledge of Iskenderun's Battlesphere by Vehumet.
 34834 | D:12     | Learned a level 5 spell: Iskenderun's Battlesphere
 35159 | D:12     | Identified the +3 buckler of Omission {Int+2}
 35444 | D:12     | Found Rompaf Zugie's General Store.
 35459 | D:12     | Bought a potion of heal wounds for 65 gold pieces
 35644 | D:12     | Noticed Erolcha
 35652 | D:12     | Killed Erolcha
 35787 | D:12     | Reached skill level 1 in Shields
 35913 | D:13     | Reached skill level 12 in Spellcasting
 37720 | D:14     | Found a broken altar of Ashenzari.
 37742 | D:14     | Found a radiant altar of Vehumet.
 38590 | D:14     | Noticed Urug
 38619 | D:14     | Killed Urug
 38622 | D:14     | Identified the +6 scale mail "Vuotegashri" {Will- Str+9}
 39270 | D:14     | Found a gate to the Vaults.
 39575 | D:15     | Entered Level 15 of the Dungeon
 39611 | D:15     | Reached XP level 16. HP: 121/137 MP: 22/32
 39664 | D:15     | Offered knowledge of Fireball by Vehumet.
 40290 | D:15     | Found Uqaef's Antique Weapon Shop.
 40548 | D:15     | Reached skill level 10 in Fire Magic
 40857 | D:15     | Learned a level 5 spell: Fireball
 40978 | D:15     | Found a staircase to the Depths.
 41198 | D:15     | Reached skill level 10 in Conjurations
 42633 | Lair:1   | Upgraded the game from 0.29-a0-551-gffc1d7fb78 to
                  | 0.29-a0-555-g3b24f45cc1
 42717 | Snake:1  | Entered Level 1 of the Snake Pit
 43135 | Snake:1  | Identified the +6 halberd "Tormentor" {antimagic, Fly}
 44295 | Snake:2  | Reached skill level 13 in Spellcasting
 44303 | Snake:2  | Reached skill level 5 in Shields
 44451 | Snake:2  | Learned a level 6 spell: Statue Form
 44732 | Snake:2  | Reached skill level 1 in Earth Magic
 45152 | Snake:2  | Offered knowledge of Iron Shot by Vehumet.
 45491 | Snake:2  | Identified a scroll of acquirement
 45492 | Snake:2  | Acquired 554 gold pieces
 46517 | Snake:3  | Reached XP level 17. HP: 144/144 MP: 17/34
 46995 | Snake:4  | Entered Level 4 of the Snake Pit
 46997 | Snake:4  | Noticed Aizul
 47019 | Snake:3  | Killed Aizul
 48191 | Snake:4  | Reached skill level 5 in Earth Magic
 49083 | Snake:4  | Reached skill level 10 in Transmutations
 49671 | Snake:4  | Offered knowledge of Conjure Ball Lightning by Vehumet.
 50572 | Snake:4  | Reached skill level 14 in Spellcasting
 51374 | Snake:4  | Got a serpentine rune of Zot
 51828 | Shoals:1 | Entered Level 1 of the Shoals
 52396 | Shoals:1 | Found Cetrameg's Armour Shoppe.
 53234 | Shoals:2 | Reached XP level 18. HP: 151/151 MP: 19/36
 53597 | Shoals:2 | Learned a level 5 spell: Borgnjor's Vile Clutch
 53772 | Shoals:2 | Reached skill level 1 in Necromancy
 53903 | Shoals:2 | You fall into a shaft and drop 1 floor!
 53917 | Shoals:3 | Found a frozen archway.
 53917 | Shoals:3 | Noticed Donald
 53934 | Shoals:3 | Killed Donald
 53954 | IceCv    | Entered an ice cave
 54377 | IceCv    | Offered knowledge of Spellforged Servitor by Vehumet.
 54474 | IceCv    | Demolished by an entropy weaver simulacrum

Illustrated notes

Levels and vault maps discovered:
D:1:      denvon_arrival_planthouse, layout_loops_ring
D:2:      layout_loops_ring, minmay_pentomino_pile
D:3:      layout_rooms, ebering_ghost_sewer_f, serial_shops,
          nicolae_shop_crystal, chequers_ecumenical_altar_lobes,
          roderic_serpentine_path, grunt_decor_clamped, nrook_mini_backslash,
          uniq_pargi, uniq_robin, uniq_grinder, uniq_jessica
D:4:      cheibrodos_pilgrimage, layout_basic, mainiacjoe_overflow_alcove_4
D:5:      layout_layer_cave, nicolae_ossuary_entry_ruins, uniq_duvessa
D:6:      layout_basic, grunt_temple_overflow_magic_moments,
          lightli_temple_of_fire, nicolae_overflow_squiral,
          hangedman_decor_points, eino_tiny_chamber, minmay_ruffians
D:7:      layout_rooms, temple_hall
D:8:      layout_loops_ring, serial_shops, shop, minmay_strange_pillars
D:9:      layout_gridville, grunt_dithmenos_shadows,
          chequers_temple_overflow_minitemple, roderic_batcave
D:10:     layout_basic, david_orc_2
D:11:     layout_stronghold, due_lair_maze_entry_diamond
D:12:     minmay_the_grid_plus [minmay_the_grid_spin_star,
          minmay_the_grid_rooms, minmay_the_grid_zigzag_pyramid,
          minmay_the_grid_odd_star,
          minmay_the_grid_prize_four_corners_diamond_a], layout_gridville,
          serial_shops, shop, uniq_sonja, uniq_erolcha
D:13:     layout_loops_corners, minmay_misc_feat_roman
D:14:     layout_basic, david_vaults_3, ashenzari_altar_1,
          nicolae_vehumet_altar_sigil
D:15:     grunt_enter_depths_magical_seal, layout_loops_ring, serial_shops,
          nicolae_shop_trees, grunt_ministairs_7
Lair:1:   layout_small_grid, infiniplex_staircase_pool
Lair:2:   layout_regular_city, chequers_serial_rivers_micro_e,
          grunt_megastairs_1, lemuel_fruit_fields, uniq_nergalle, uniq_amaemon,
          uniq_harold
Lair:3:   layout_roguey, pf_torpor_hydra
Lair:4:   dreamdust_cave_troll, layout_regular_city, elwin_shoals_entry_rooms,
          guppyfry_snake_entry_garden, basic_altar, dpeg_oklob_1
Lair:5:   layout_roguey, minmay_slime_entry_oklob_open, uniq_urug
Lair:6:   hangedman_lair_in_review, layout_regular_city,
          infiniplex_staircase_pool_2
Shoals:1: layout_shoals, serial_shops, shop
Shoals:2: layout_shoals
Shoals:3: layout_shoals, portal_ice_cave_entry_ice_statue_one, serial_shops,
          nicolae_shop_statue_plus, uniq_polyphemus, uniq_donald
Snake:1:  layout_basic
Snake:2:  layout_rooms, guppyfry_snake_island
Snake:3:  layout_misc_corridors
Snake:4:  minmay_snake_end_coiled, layout_onion, uniq_aizul
Orc:1:    layout_caves
Orc:2:    st_orc_congregation, layout_caves
IceCv:    ice_cave_hellmonk_azure_passage

Skill      XL: |  1  2  3  4  5  6  7  8  9 10 11 12 13 14 15 16 17 18 |
---------------+-------------------------------------------------------+-----
Stealth        | 2 3 4 6 7 8 9 10 11 12 13 | 13.1
Dodging        | 2 3 4 5 6 7 8 9 |  9.6
Fighting       | 1 2 3 5 6 7 8 9 10 11 | 11.2
Conjurations   | 5 6 7 8 9 10 | 10.4
Spellcasting   | 4 5 6 7 9 10 11 12 13 14 | 14.5
Evocations     | 1 3 5 7 8 9 10 12 13 | 13.3
Hexes          | 2 3 5 7 8 9 |  9.3
Fire Magic     | 8 9 10 | 10.5
Transmutations | 3 7 8 9 11 | 11.7
Shields        | 3 5 |  5.2
Earth Magic    | 3 7 |  7.0
Necromancy     | 2 |  2.3

Action                   |  1- 3 |  4- 6 |  7- 9 | 10-12 | 13-15 | 16-18 || total
-------------------------+-------+-------+-------+-------+-------+-------++-------
Melee: Spear             |   121 |    22 |       |       |       |       ||   143
       Tailslap          |    14 |     7 |    47 |    20 |    70 |    56 ||   214
       Dagger            |       |    75 |   297 |   123 |       |       ||   495
       Peck              |       |       |     2 |     5 |       |       ||     7
       Punch             |       |       |     1 |     1 |     5 |       ||     7
       Staff             |       |       |       |    30 |   381 |   245 ||   656
 Cast: Magic Dart        |    19 |    60 |    82 |    73 |   232 |   144 ||   610
       Searing Ray       |     1 |     9 |    42 |    63 |   124 |   178 ||   417
       Fulminant Prism   |       |       |     2 |    27 |   165 |    65 ||   259
       Dazzling Flash    |       |       |       |    14 |    17 |    24 ||    55
       Starburst         |       |       |       |       |    94 |    22 ||   116
       Flame Wave        |       |       |       |       |    34 |     4 ||    38
       Sticky Flame      |       |       |       |       |    10 |     7 ||    17
       Conjure Flame     |       |       |       |       |     4 |       ||     4
       Yara's Violent Un |       |       |       |       |     9 |    10 ||    19
       Iskenderun's Batt |       |       |       |       |    18 |   122 ||   140
       Statue Form       |       |       |       |       |       |    51 ||    51
       Borgnjor's Vile C |       |       |       |       |       |     2 ||     2
 Abil: Breathe Dispellin |       |       |    17 |    36 |    64 |    16 ||   133
       End Transformatio |       |       |       |       |       |     1 ||     1
Evoke: Wand              |       |       |     9 |    19 |    35 |     9 ||    72
       Tin of tremorston |       |       |       |       |     5 |     8 ||    13
       Lightning rod     |       |       |       |       |     5 |    19 ||    24
  Use: Scroll            |       |    10 |     4 |     9 |     5 |    15 ||    43
       Potion            |       |     1 |     3 |     3 |     6 |    14 ||    27
 Stab: Sleeping          |     4 |     2 |     1 |     1 |     1 |     1 ||    10
       Paralysed         |       |       |       |       |    17 |       ||    17
       Invisible         |       |       |       |       |     1 |     1 ||     2
       Distracted        |       |       |       |       |       |     1 ||     1
Armor: Skin              |    39 |    45 |    86 |    86 |   185 |   383 ||   824
Dodge: Dodged            |    83 |    60 |   176 |   191 |   451 |   560 ||  1521
       Repelled          |       |       |       |       |       |    42 ||    42
Block: Other             |       |       |    11 |    80 |   307 |       ||   398
       Reflection        |       |       |       |     1 |    34 |    79 ||   114
       Buckler           |       |       |       |       |   105 |   866 ||   971
       Kite shield       |       |       |       |       |       |   112 ||   112

Table legend: (Time is in decaauts)
 A = Elapsed time spent in this place.
 B = Non-inter-level travel time spent in this place.
 C = Inter-level travel time spent in this place.
 D = Time resting spent in this place.
 E = Time spent auto-exploring this place.
 F = Levels seen in this place.
 G = Mean time per level.
                   A        B        C        D        E       F      G
               +--------+--------+--------+--------+--------+-----+--------+
         Total |  55698 |  53521 |   2177 |   9961 |  33525 |  32 | 1740.6 |
       Dungeon |  23835 |  23121 |    714 |   3636 |  15395 |  15 | 1589.0 |
          Lair |  14514 |  13878 |    636 |   2447 |   9192 |   6 | 2419.0 |
        Shoals |   2545 |   2491 |     54 |    156 |   1786 |   3 |  848.3 |
     Snake Pit |   9535 |   8850 |    685 |   2291 |   4621 |   4 | 2383.8 |
  Orcish Mines |   4052 |   3965 |     87 |   1074 |   2038 |   2 | 2026.0 |
       Ossuary |    612 |    612 |      0 |    153 |    305 |   1 |  612.0 |
      Ice Cave |    603 |    603 |      0 |    204 |    186 |   1 |  603.0 |
               +--------+--------+--------+--------+--------+-----+--------+

Top non-repeatable levels by time:
  Lair:6: 4672 daAuts
 Snake:3: 3749 daAuts
    D:15: 2998 daAuts
   Orc:2: 2973 daAuts
    D:12: 2907 daAuts
  Lair:5: 2652 daAuts
 Snake:4: 2553 daAuts
  Lair:4: 2528 daAuts
    D:13: 2004 daAuts
  Lair:3: 1975 daAuts
    D:11: 1974 daAuts
    D:14: 1740 daAuts
     D:6: 1738 daAuts
 Snake:1: 1677 daAuts
    D:10: 1593 daAuts
